 Dungeon Crawl Stone Soup version 0.13-a0-3110-gf6e36dc (webtiles) character file.

16302 Psiweapon the Fighter (level 11, 0/95 HPs)
             Began as a Lava Orc Fighter on Aug 3, 2013.
             Was an Elder of Beogh.
             Slain by an orange demon (3 damage)
             ... summoned by an orc high priest
             ... on Level 4 of the Orcish Mines on Sept 20, 2013.
             The game lasted 01:40:31 (11392 turns).

Psiweapon the Fighter (Lava Orc Fighter)           Turns: 11392, Time: 01:40:31

HP   0/95        AC 18     Str 23      XL: 11   Next: 93%
MP   3/19        EV  5     Int  8      God: Beogh [****..]
Gold 1477        SH 26     Dex 10      Spells:  0 memorised, 10 levels left

Res.Fire  : + + +   See Invis. : .   U - +0,+1 dwarf war axe
Res.Cold  : x . .   Warding    : +   A - +0 plate armour
Life Prot.: + . .   Conserve   : .   c - +0 orc shield
Res.Poison: .       Res.Corr.  : .   S - +0 spiked helmet
Res.Elec. : .       Clarity    : .   J - +0 cloak
Sust.Abil.: . .     Spirit.Shd : .   (no gloves)
Res.Mut.  : .       Stasis     : .   o - +0 pair of boots
Res.Rott. : .       Flight     : .   v - amulet of warding
Saprovore : + . .                    (no ring)
                                     (no ring)

@: drained, quick, somewhat resistant to hostile enchantments, extremely
unstealthy
A: conserve scrolls, regeneration 1, saprovore 1
a: Smiting, Recall Orcish Followers, Renounce Religion


You were on level 4 of the Orcish Mines.
You worshipped Beogh.
Beogh was extremely pleased with you.
You were not hungry.

You visited 2 branches of the dungeon, and saw 14 of its levels.

You collected 1496 gold pieces.
You spent 39 gold pieces at shops.

Inventory:

Hand weapons
 x - a +0,+1 scimitar of flaming
 M - a +1,+0 dwarven morningstar
 P - a +4,+1 flail of distortion
 R - a cursed -3,-2 sabre
 U - a +0,+1 dwarven war axe (weapon)
 V - a cursed +3,+3 battleaxe
Missiles
 y - a silver javelin (quivered)
 I - 14 bolts of penetration
Armour
 c - a +0 orcish shield (worn)
 o - a +0 pair of boots (worn)
 A - a +0 plate armour (worn)
 J - a +0 cloak (worn)
 S - a +0 spiked helmet (worn)
Magical devices
 d - a wand of confusion (2)
 g - a wand of draining (0)
 m - a wand of frost (19)
 W - a wand of flame (5)
Comestibles
 a - 8 cheeses
 h - 2 meat rations
 j - 10 lemons
 z - 4 bread rations
Scrolls
 e - 2 scrolls of curse armour {unknown}
 n - 7 scrolls of remove curse
 p - 7 scrolls of enchant weapon I
 q - a scroll of random uselessness {unknown}
 r - 5 scrolls of enchant armour
 B - 2 scrolls of magic mapping {unknown}
 D - 3 scrolls of noise {unknown}
 K - 2 scrolls of teleportation {unknown}
 N - a scroll of fog {unknown}
 Q - 3 scrolls of blinking
 Y - a scroll of immolation {unknown}
Jewellery
 l - an uncursed ring of fire
 v - an amulet of warding (around neck)
 C - an uncursed amulet of stasis
 F - an uncursed ring of flight
Potions
 i - 5 potions of curing
 k - a potion of heal wounds
 t - 2 potions of flight {unknown}
 E - 3 potions of brilliance
 G - a potion of agility {unknown}
 H - 2 potions of restore abilities {unknown}
 L - a potion of degeneration {unknown}
 O - a potion of berserk rage {unknown}
 T - a potion of invisibility
 X - a potion of might {unknown}
 Z - a potion of mutation {unknown}
Books
 s - a book of Conjurations

   Spells                             Type                      Level
   Magic Dart                         Conjuration                  1
   Searing Ray                        Conjuration                  2
   Dazzling Spray                     Conjuration/Hexes            3
   Iskenderun's Mystic Blast          Conjuration                  4
   Iskenderun's Battlesphere          Conjuration/Charms           4
   Fulminant Prism                    Conjuration/Hexes            5
 u - a book of Summonings

   Spells                             Type                      Level
   Abjuration                         Summoning                    3
   Recall                             Summoning/Translocation      3
   Summon Elemental                   Summoning                    4
   Shadow Creatures                   Summoning                    5
   Summon Demon                       Summoning                    5
   Summon Ugly Thing                  Summoning                    6
 w - a book of Necromancy

   Spells                             Type                      Level
   Pain                               Necromancy                   1
   Animate Skeleton                   Necromancy                   1
   Lethal Infusion                    Charms/Necromancy            2
   Vampiric Draining                  Necromancy                   3
   Regeneration                       Charms/Necromancy            3
   Animate Dead                       Necromancy                   4
   Control Undead                     Necromancy                   4
Magical staves
 b - an uncursed staff of summoning


   Skills:
 + Level 10.6(10.3) Fighting
 + Level 10.3(10.0) Axes
 + Level 9.9(9.6) Armour
 - Level 6.0(5.7) Dodging
 - Level 10.0(9.7) Shields
 - Level 5.7(5.4) Invocations
 - Level 5.0(4.7) Evocations


You had 10 spell levels left.
You didn't know any spells.

Dungeon Overview and Level Annotations

Branches:
Dungeon (10/27)               Orc (4/4) D:6             Elf (0/3) Orc:3
 Temple: D:4-7         Lair: D:8-13

Altars:
Cheibriados
Kikubaaqudgha
Okawaru
Sif Muna
Trog
Vehumet
Xom

Shops:
D:4 [   Orc:4 [

Annotations:
D:6 HYDRA!
D:9 2 exclusions


Innate Abilities, Weirdness & Mutations

You have stony skin.
You cover ground quickly.
Your flesh is almost immune to the effects of heat.
Your fire spells are more powerful.
Your flesh is vulnerable to cold.
Your heat harms attackers.
You bathe your surroundings in blazing heat.
You are too hot to use scrolls.
You are very good at protecting items from fire.
You can tolerate rotten meat.
Your natural rate of healing is unusually fast.


Message History

Your orc wears an orcish leather armour.
Your orc priest shimmers for a moment.
Your orc warrior says, "I like you, cousin!"
Your orc warrior closely misses the soul eater.
The soul eater hits your orc warrior but does no damage.
You block the orange demon's attack. The soul eater hits your orc warrior.
Your orc priest mumbles some strange prayers to Beogh against the soul eater.
The soul eater is smitten.
Your orc priest invokes the aid of Beogh against the soul eater.
The soul eater is smitten.
The soul eater draws from the surrounding life force!
Your orc warrior dies!
Koronagh dies!
Your orc wizard dies!
Your orc priest dies!
Your orc warrior is heavily wounded.
Murdo dies!
The soul eater is healed.
Use which ability? (? or * to list)
Okay, then.
The orange demon stings you.
You die...

... ##))###o.o## ..[
#)o)3##ooo..
#.#...ooo#4##oo.o.
#.#..ooo##o##o.o..
#.#..o###oo##o#ooo
#.######o)###.oo.#
#...####3####434##
#ooo..
#....343o44o###
#o.o.. ######@######
#.....
##.###########.....
##o)o.#...[.........
##.))o)..............
#...)o.#.#.....$.....
##.##o#####........#.
###.oo##............
#o.o##.............
##o#oo............#


You could see 2 orc high priests, 2 soul eaters, an ice devil, an orange demon,
a sixfirhy, 2 blue devils, a ynoxinul, a red devil, a friendly orc warrior, 2
friendly orc priests and 5 friendly orcs.

Vanquished Creatures
  Erica (D:10)
  A hydra (D:8)
  An orc knight (Orc:2)
  Pikel (D:9)
  An orc sorcerer (Orc:1)
  A hydra zombie (D:10)
  A two-headed ogre (D:9)
  3 orc warriors
  Eustachio (Orc:1)
  2 yaks (D:8)
  A hill giant skeleton (D:9)
  A hungry ghost (D:9)
  5 ice beasts
  4 phantoms
  2 black bears
  5 ogres
  2 sky beasts
  3 slaves (D:9)
  2 yellow wasps
  7 centaurs
  2 wargs (Orc:3)
  8 giant frogs
  2 big kobolds (D:8)
  A water moccasin (D:9)
  6 killer bees (D:9)
  2 goliath beetles
  A vampire bat (Orc:1)
  3 wights (D:5)
  4 crimson imps
  3 hounds
  A giant frog zombie (D:5)
  Crazy Yiuf (D:5)
  8 orc priests
  A scorpion (D:9)
  An iguana (D:9)
  5 orc wizards
  2 giant frog skeletons (D:6)
  7 worker ants
  Ijyb (D:4)
  Jessica (D:3)
  A big kobold skeleton (D:8)
  2 sheep (D:8)
  A hound skeleton (D:6)
  A worker ant zombie (D:5)
  5 adders
  8 gnolls
  A giant centipede (D:10)
  A goliath beetle zombie (D:7)
  3 worms
  An ufetubus (Orc:1)
  An adder zombie (D:6)
  2 giant eyeballs
  An iguana skeleton (D:8)
  32 orcs
  14 bats
  A bat zombie (D:5)
  3 giant cockroaches
  16 goblins
  12 hobgoblins
  10 jackals
  4 quokkas
  2 ball pythons
  3 giant geckos
  3 giant newts
  8 kobolds
  A kobold skeleton (D:6)
  A kobold zombie (D:5)
  2 orc zombies
  11 rats
  A rat skeleton (D:5)
  2 spectral orcs (D:10)
  2 ballistomycetes (D:8)
261 creatures vanquished.

Vanquished Creatures (collateral kills)
  Gastronok (Orc:1)
  An ogre mage (Orc:4)
  An orc high priest (Orc:4)
  Nergalle (D:10)
  Joseph (D:9)
  2 orc sorcerers (Orc:4)
  4 orc knights
  A cyclops (Orc:4)
  A troll (D:9)
  A two-headed ogre (Orc:4)
  A basilisk (D:9)
  A wraith (D:10)
  A vampire mosquito (D:9)
  2 hippogriffs
  10 orc warriors
  A phantom (D:7)
  3 ice beasts
  10 ogres
  4 wargs
  A centaur (D:7)
  A crocodile (D:9)
  A big kobold (D:8)
  A giant frog (D:9)
  A wight (D:9)
  2 crimson imps
  A goliath beetle (D:9)
  4 hounds
  2 iguanas (D:9)
  7 orc priests
  2 worker ants (D:9)
  9 orc wizards
  2 gnolls (D:8)
  A green rat (Orc:1)
  A lemure (Orc:1)
  A giant gecko (D:9)
  36 orcs
  4 bats
  6 goblins
  3 hobgoblins
  A jackal (D:10)
  A kobold (D:7)
  A goblin zombie (Orc:1)
  A hobgoblin skeleton (D:9)
  2 orc zombies (Orc:1)
  A rat (D:9)
  A spectral orc (D:10)
141 creatures vanquished.

Vanquished Creatures (others)
  Blork the orc (Orc:4)
  An orc knight (Orc:4)
  6 orc warriors
  11 orc priests
  13 orc wizards
  An adder (D:4)
  95 orcs
  2 giant spores
130 creatures vanquished.

Grand Total: 532 creatures vanquished

Notes
Turn   | Place    | Note
--------------------------------------------------------------
     0 | D:1      | Psiweapon, the Lava Orc Fighter, began the quest for the Orb.
     0 | D:1      | Reached XP level 1. HP: 19/19 MP: 0/0
   168 | D:1      | Reached XP level 2. HP: 24/26 MP: 1/1
   790 | D:2      | Reached skill level 4 in Fighting
   792 | D:2      | Found a shimmering altar of Xom.
   795 | D:2      | Found a shimmering altar of Xom.
   806 | D:2      | Found a shimmering altar of Xom.
   806 | D:2      | Found a shimmering altar of Xom.
   848 | D:2      | Reached XP level 3. HP: 26/33 MP: 2/2
   911 | D:2      | Upgraded the game from 0.13-a0-2600-g811f1de to 0.13-a0-2884-gbbf8bdf
  1188 | D:2      | Found a shimmering altar of Xom.
  1495 | D:3      | Found an ancient bone altar of Kikubaaqudgha.
  1551 | D:3      | Noticed Jessica
  1555 | D:3      | Killed Jessica
  1555 | D:3      | Reached XP level 4. HP: 40/40 MP: 3/3
  2027 | D:4      | Found Schoics' Armour Emporium.
  2053 | D:4      | Bought a +0 helmet for 39 gold pieces
  2173 | D:5      | Entered Level 5 of the Dungeon
  2191 | D:5      | Reached XP level 5. HP: 34/46 MP: 4/4
  2272 | D:4      | Became a worshipper of Beogh the Brigand
  2379 | D:4      | Noticed Ijyb
  2403 | D:4      | Killed Ijyb
  2914 | D:5      | Noticed a centaur
  2925 | D:5      | Killed a centaur
  2925 | D:5      | Reached skill level 5 in Fighting
  2925 | D:5      | Reached XP level 6. HP: 45/53 MP: 5/5
  3012 | D:5      | Reached skill level 5 in Armour
  3012 | D:5      | Reached skill level 5 in Shields
  3147 | D:5      | Acquired Beogh's first power
  3197 | D:5      | Found a bloodstained altar of Trog.
  3331 | D:5      | Noticed a phantom
  3360 | D:5      | Killed a phantom
  3360 | D:5      | Reached skill level 5 in Axes
  3360 | D:5      | Reached XP level 7. HP: 49/61 MP: 6/6
  3481 | D:5      | Noticed Crazy Yiuf
  3490 | D:5      | Killed Crazy Yiuf
  3562 | D:6      | Reached skill level 6 in Fighting
  3642 | D:6      | Found a staircase to the Orcish Mines.
  3979 | D:6      | Gained mutation: Your natural rate of healing is unusually fast. [potion of beneficial mutation]
  4137 | D:6      | Acquired Beogh's second power
  4143 | D:6      | Paralysed by a giant eyeball for 3 turns
  4152 | D:6      | Paralysed by a giant eyeball for 3 turns
  4257 | D:6      | Noticed a six-headed hydra
  4298 | Orc:1    | Entered Level 1 of the Orcish Mines
  4301 | Orc:1    | Noticed Gastronok
  4333 | D:7      | Paralysed by a yellow wasp for 2 turns
  4334 | D:7      | Reached XP level 8. HP: 62/69 MP: 7/7
  4410 | D:7      | Reached skill level 7 in Fighting
  4577 | D:7      | Acquired Beogh's third power
  4651 | D:7      | Upgraded the game from 0.13-a0-2884-gbbf8bdf to 0.13-a0-3016-gcb2faac
  4768 | D:7      | Found an iron altar of Okawaru.
  4895 | D:7      | Reached skill level 8 in Fighting
  4895 | D:7      | Reached XP level 9. HP: 34/78 MP: 8/8
  5819 | D:9      | Noticed Pikel
  5830 | D:9      | Killed Pikel
  5830 | D:9      | Reached skill level 9 in Fighting
  5844 | D:9      | Paralysed by a giant eyeball for 3 turns
  6081 | D:8      | Acquired Beogh's fourth power
  6157 | D:8      | Reached XP level 10. HP: 84/86 MP: 9/9
  6250 | D:8      | Noticed a three-headed hydra
  6262 | D:8      | Killed a five-headed hydra
  6433 | D:9      | Noticed Blork the orc
  6435 | D:9      | Noticed Joseph
  6448 | D:9      | Killed Joseph
  6626 | D:9      | Found a snail-covered altar of Cheibriados.
  6654 | D:9      | Reached skill level 10 in Fighting
  6708 | D:10     | Entered Level 10 of the Dungeon
  7404 | D:9      | Reached skill level 10 in Axes
  7598 | D:9      | Reached skill level 10 in Shields
  7610 | D:9      | Gained Bogwald as an ally
  7845 | D:10     | Noticed Erica
  7853 | D:10     | Killed Erica
  7853 | D:10     | Reached skill level 1 in Evocations
  7853 | D:10     | Reached XP level 11. HP: 81/95 MP: 9/13
  8062 | D:10     | Found a deep blue altar of Sif Muna.
  8078 | D:10     | Noticed Nergalle
  8088 | D:10     | Killed Nergalle
  8360 | D:10     | Upgraded the game from 0.13-a0-3016-gcb2faac to 0.13-a0-3076-g221303f
  8872 | Orc:1    | Noticed an orc sorcerer
  8886 | Orc:1    | Killed an orc sorcerer
  8895 | Orc:1    | Killed Gastronok
  8895 | Orc:1    | Reached skill level 5 in Invocations
  9113 | Orc:1    | Noticed Eustachio
  9125 | Orc:1    | Noticed Blork
  9125 | Orc:1    | Blork the orc changed into Blork the shining eye
  9132 | Orc:1    | Killed Eustachio
  9573 | Orc:2    | Gained Murdo as an ally
  9708 | Orc:3    | Gained Hilgar as an ally
  9788 | Orc:2    | Upgraded the game from 0.13-a0-3076-g221303f to 0.13-a0-3110-gf6e36dc
  9813 | Orc:2    | Reached skill level 5 in Evocations
  9990 | Orc:2    | Reached skill level 1 in Dodging
 10024 | Orc:2    | Acquired Beogh's fifth power
 10713 | Orc:3    | Found a staircase to the Elven Halls.
 10827 | Orc:4    | Entered Level 4 of the Orcish Mines
 10845 | Orc:4    | Your ally Hilgar died
 11072 | Orc:4    | Noticed an ogre mage
 11079 | Orc:4    | Killed an ogre mage
 11079 | Orc:4    | Reached skill level 5 in Dodging
 11079 | Orc:4    | Gained Koronagh as an ally
 11269 | Orc:4    | Found Hugidd's Armour Shop.
 11272 | Orc:4    | Noticed an orc high priest
 11275 | Orc:4    | Noticed an orc high priest
 11278 | Orc:4    | Paralysed by an orc sorcerer for 3 turns
 11295 | Orc:4    | Killed an orc high priest
 11300 | Orc:4    | Blork the orc (ally) was killed
 11300 | Orc:4    | Your ally died
 11309 | Orc:4    | Your ally Bogwald died
 11313 | Orc:4    | Noticed a soul eater
 11313 | Orc:4    | Noticed an orc high priest
 11315 | Orc:4    | Noticed an ice devil
 11379 | Orc:4    | Noticed a soul eater
 11385 | Orc:4    | Noticed a soul eater
 11387 | Orc:4    | Noticed an ice devil
 11388 | Orc:4    | HP: 1/95 [orc high priest/orcish glaive (6)]
 11391 | Orc:4    | Your ally Koronagh died
 11391 | Orc:4    | Your ally Murdo died
 11392 | Orc:4    | Slain by an orange demon

Action                   |  1- 3 |  4- 6 |  7- 9 | 10-12 || total
-------------------------+-------+-------+-------+-------++-------
Melee: Hand axe          |   109 |   211 |   263 |       ||   583
       War axe           |       |       |   192 |   371 ||   563
       Unarmed           |       |       |       |     3 ||     3
Throw: Javelin           |     4 |     1 |    11 |     1 ||    17
Invok: Convert to Beogh  |       |     1 |       |       ||     1
       Smiting           |       |       |       |    15 ||    15
       Recall Orcish Fol |       |       |       |     3 ||     3
Evoke: Wand              |       |     9 |    10 |    17 ||    36
  Use: Scroll            |       |       |     6 |     7 ||    13
       Potion            |       |       |     2 |     3 ||     5
 Stab: Distracted        |       |       |     1 |     3 ||     4
